 Dungeon Crawl Stone Soup version 0.23.2-40-g277498a (webtiles) character file.

Game seed: 13689634449715576230

221 CSWrites the Insei (level 5, 0/37 HPs)
             Began as an Octopode Monk on Oct 22, 2019.
             Slain by a ball python (2 damage)
             ... in a sewer.
             The game lasted 00:09:39 (2288 turns).

CSWrites the Insei (Octopode Monk)                  Turns: 2288, Time: 00:09:39

Health: 0/37       AC:  1    Str: 12    XL:     5   Next: 98%
Magic:  5/5        EV: 15    Int: 12    God:
Gold:   92         SH:  2    Dex: 14    Spells: 4/4 levels left

rFire    . . .     SeeInvis .     - Unarmed
rCold    . . .     Gourm    .   (no shield)
rNeg     . . .     Faith    .   (helmet restricted)
rPois    .         Spirit   .   e - +2 amulet of reflection (curse)
rElec    .         Reflect  +   (no ring)
rCorr    .         Harm     .   (no ring)
MR       .....                  (no ring)
Stlth    +++++.....             (no ring)
HPRegen  0.12/turn              (no ring)
MPRegen  0.09/turn              (no ring)
                                (no ring)
                                (no ring)

@: about to teleport
A: almost no armour, stealthy swim, amphibious, 8 rings, constrict 8, camouflage
1, gelatinous body 1
a: no special abilities


You were in a sewer.
You were not hungry.

You visited 1 branch of the dungeon, and saw 3 of its levels.
You also visited: Sewer.

You collected 92 gold pieces.

Inventory:

Hand Weapons
 d - a +0 short sword
 f - a cursed -2 hunting sling
Missiles
 b - 8 poisoned needles
 c - 8 curare-tipped needles
Jewellery
 e - a cursed +2 amulet of reflection (around mantle)
 h - an uncursed amulet of harm
Wands
 g - a wand of random effects (13)
Scrolls
 j - a scroll of identify
 l - a scroll of teleportation
 m - a scroll of blinking {unknown}
Potions
 i - 3 potions of berserk rage {unknown}
 k - a potion of lignification {unknown}
Comestibles
 a - 3 rations


   Skills:
 + Level 3.8 Fighting
 + Level 4.1 Dodging
 + Level 4.0 Stealth
 + Level 4.7 Unarmed Combat


You had 4 spell levels left.
You didn't know any spells.
Your spell library was empty.

Dungeon Overview and Level Annotations

Branches:
Dungeon (3/15)

Altars:
Ashenzari


Innate Abilities, Weirdness & Mutations

You cannot wear most types of armour.
You are very stealthy in the water. (Stealth+)
You are amphibious.
You can wear up to eight rings at the same time.
You can use your tentacles to constrict eight enemies at once.
Your skin changes colour to match your surroundings (Stealth+).
Your rubbery body absorbs attacks. (AC +1, EV +1)


Message History

You squeeze the bullfrog, but do no damage.
The bullfrog is severely wounded.
You constrict the bullfrog. The bullfrog hits you. x2
* * * LOW HITPOINT WARNING * * *
You tentacle-slap the bullfrog but do no damage.
The bullfrog is severely wounded.
You constrict the bullfrog. The bullfrog hits you!
* * * LOW HITPOINT WARNING * * *
You tentacle-slap the bullfrog.
You kill the bullfrog!
Your Stealth skill increases to level 4!
You see here a bullfrog corpse.
You start resting.
A ball python comes into view.
A ball python is nearby!
The ball python hisses angrily.
As you read the scroll labeled CIWESIKOED, it crumbles to dust.
You feel strangely unstable.
It was a scroll of teleportation.
The ball python bites you.
You die...

##≈≈≈≈≈≈≈≈#.≈≈≈.#
##≈≈≈≈≈≈≈≈≈#.≈≈≈.#
#≈≈≈≈≈≈≈≈≈≈≈.≈≈≈.#
#≈≈≈≈≈≈≈≈≈≈≈.≈≈≈.#
##≈≈≈≈.≈≈≈≈≈≈.≈≈≈.#
#≈≈≈≈≈≈.≈≈≈≈≈.≈≈≈.#
#†≈≈≈..[≈≈≈≈≈≈≈≈≈.#
#≈≈≈≈.(...≈≈≈≈≈≈≈.#
#≈@≈≈≈.[.≈≈≈≈≈≈≈≈.#
#≈S≈≈≈.≈≈≈≈≈≈≈≈≈≈.#
#≈≈≈≈≈.≈...≈≈≈≈≈≈.#
##≈≈≈.≈..≈≈≈≈≈≈≈≈.#
#≈≈∩.≈≈≈≈≈≈≈≈≈≈≈.#
#≈≈≈≈.≈≈≈≈≈≈≈≈≈≈.#
##≈≈≈≈≈≈≈≈≈≈≈≈≈≈
≈≈≈≈≈≈≈


You could see a ball python.

Vanquished Creatures
  A bullfrog (Sewer)
  Terence (D:2)
  7 adders
  3 river rats (D:3)
  A worm (D:3)
  A leopard gecko (Sewer)
  4 ball pythons
  4 giant cockroaches
  3 goblins
  4 hobgoblins
  5 kobolds
  A bat (D:3)
  6 frilled lizards
  9 rats
  A bush (D:1)
51 creatures vanquished.

Notes
Turn   | Place    | Note
-------+----------+-------------------------------------------
     0 | D:1      | CSWrites the Octopode Monk began the quest for the Orb.
     0 | D:1      | Reached XP level 1. HP: 16/16 MP: 1/1
   277 | D:1      | Reached XP level 2. HP: 21/21 MP: 2/2
   887 | D:2      | Reached XP level 3. HP: 26/26 MP: 3/3
  1041 | D:2      | Reached XP level 4. HP: 31/31 MP: 4/4
  1209 | D:2      | Noticed Terence
  1216 | D:2      | Killed Terence
  1334 | D:2      | Found a shattered altar of Ashenzari.
  1894 | D:3      | Reached XP level 5. HP: 15/37 MP: 5/5
  2162 | D:3      | Found a glowing drain.
  2198 | Sewer    | Entered a sewer
  2279 | Sewer    | HP: 1/37 [bullfrog (8)]
  2288 | Sewer    | Slain by a ball python

Skill      XL: |  1  2  3  4  5 |
---------------+----------------+-----
Stealth        | 3 4 |  4.0
Unarmed Combat | 4 |  4.7
Dodging        | 4 |  4.1
Fighting       | |  3.8

Action                   |  1- 3 |  4- 6 || total
-------------------------+-------+-------++-------
Melee: Unarmed           |   187 |    70 ||   257
       Tentacles         |    61 |    18 ||    79
       Constrict         |    15 |    19 ||    34
       Punch             |     5 |     1 ||     6
  Use: Scroll            |     7 |     2 ||     9
 Stab: Sleeping          |     2 |     3 ||     5
  Eat: Ration            |       |     1 ||     1
       Chunk             |       |     1 ||     1
Armor: Skin              |     3 |     2 ||     5
Dodge: Dodged            |    44 |    47 ||    91
Block: Other             |     2 |     4 ||     6
       Reflection        |       |     1 ||     1
